 Dungeon Crawl Stone Soup version 0.28.0-62-gf88900778d (webtiles) character file.

Game seed: 5781795118125552630

268 mopl the Bolt Thrower (level 6, 0/52 HPs)
             Began as a Hill Orc Hunter on July 29, 2023.
             Engulfed by a steam dragon's steam (1 damage)
             ... on level 5 of the Dungeon on Dec 20, 2023.
             The game lasted 00:04:36 (3426 turns).

mopl the Bolt Thrower (Hill Orc Hunter)             Turns: 3426, Time: 00:04:37

Health: 0/52       AC: 10    Str: 17    XL:     6   Next: 21%
Magic:  6/6        EV: 11    Int: 11    God:
Gold:   99         SH:  5    Dex: 11    Spells: 5/5 levels left

rFire   . . .      SeeInvis .   a - +2 hand crossbow (venom)
rCold   . . .      Faith    .   (no shield)
rNeg    . . .      Spirit   .   c - +0 leather armour
rPois   .          Reflect  +   o - +1 helmet
rElec   .          Harm     .   (no cloak)
rCorr   .          Rampage  .   k - +0 pair of gloves
Will    .....                   (no boots)
Stlth   +.........              u - amulet of reflection
HPRegen 0.17/turn               t - +4 ring of protection
MPRegen 0.10/turn               (no ring)

@: no status effects
A: no striking features
a: no special abilities


You were on level 5 of the Dungeon.
You visited 1 branch of the dungeon, and saw 5 of its levels.

You collected 99 gold pieces.

Inventory:

Hand Weapons
 a - a +2 hand crossbow of venom (weapon)
 b - a +1 dagger of speed
 l - a +0 war axe
Missiles
 d - 16 bolts (quivered ammo)
 e - 8 poisoned darts
 m - 2 boomerangs
 p - 6 boomerangs of dispersal
 r - 2 javelins
Armour
 c - a +0 leather armour (worn)
 f - a +0 plate armour
 k - a +0 pair of gloves (worn)
 o - a +1 helmet (worn)
Jewellery
 t - a +4 ring of protection (left hand)
 u - an amulet of reflection (around neck)
Scrolls
 g - a scroll of noise
 h - 3 scrolls of enchant armour
 j - a scroll of identify
Potions
 q - a potion of curing
 v - a potion of ambrosia {unknown}


   Skills:
 + Level 4.2 Fighting
 * Level 5.3 Crossbows
 + Level 3.0 Armour
 - Level 1.5 Dodging
 - Level 0.7 Stealth


You had 5 spell levels left.
You didn't know any spells.
Your spell library contained the following spells:

 Spells                   Type           Power      Damage    Failure   Level
 Corpse Rot               Necr/Air       0%         N/A       54%         2
 Poisonous Vapours        Pois/Air       0%         N/A       54%         2
 Call Canine Familiar     Summ           0%         N/A       77%         3
 Portal Projectile        Hex/Tloc       0%         N/A       77%         3
 Airstrike                Air            0%         N/A       99%         4
 Leda's Liquefaction      Hex/Erth       0%         N/A       99%         4
 Freezing Cloud           Conj/Ice/Air   0%         6-21      100%        5


Dungeon Overview and Level Annotations

Branches:
Dungeon (4/15)
 Temple: D:4-7

Altars:
Uskayaw
Zin

Annotations:
D:3 1 runed translucent door, Crazy Yiuf
D:5 Ijyb


Message History

You destroy the killer bee zombie!
Your Armour skill increases to level 3!
d - 15 bolts (gained 3)
d - 16 bolts (gained 1)
A steam dragon comes into view.
Found a stone staircase leading up.
Found a stone staircase leading down.
Found a hand axe.
Ijyb the Twisted Goblin comes into view.
She is wielding a +0 dagger and carrying a wand of polymorph (8).
You hear the hiss of a very distant avalanche of sand.
Ijyb shouts!
Ijyb zaps a wand.
You resist with some effort.
As you read the scroll labelled XUJAFICITI, it crumbles to dust.
It is a scroll of enchant armour.
Your +0 helmet glows green for a moment.
Ijyb zaps a wand.
You resist with some effort.
As you read the scroll labelled ITRAVE KUTZ, it crumbles to dust.
You hear a loud clanging noise!
It was a scroll of noise.
You hear a shout!
As you read the scroll labelled YJOUHA ARYODEN, it crumbles to dust.
It is a scroll of identify.
q - a potion of curing
As you read the scroll labelled WECLE GAOKKUE, it crumbles to dust.
It is a scroll of brand weapon.
Your +1 hand crossbow drips with poison.
a - a +1 hand crossbow of venom (weapon)
As you read the scroll labelled VIELOARHIN, it crumbles to dust.
It is a scroll of enchant weapon.
Your +1 hand crossbow of venom glows red for a moment.
As you read the scroll labelled GALOXAU HOTEATZ, it crumbles to dust.
The scroll dissolves into smoke.
It was a scroll of fog.
Ijyb screams, "I no like you!"
Ijyb zaps a wand.
You resist with some effort. The steam dragon breathes steam at you.
The ball of steam misses you.
You are engulfed in a cloud of scalding steam.
* * * LOW HITPOINT WARNING * * *
You are engulfed in a cloud of scalding steam.
You die...

#.#8§§§8# #.##§§§##
#.##§..# ###.##..D##
#.g.#8...8# #
##.####...#### ###.#
...####..D##8###8#.#
.....##....D.§§§§..#
...###8.....g§.§@..#
...####......§§§§..#
..g..###8###8###8###
.....# ## ### ###
....... ........
........ ........
.......


There were no monsters in sight!

Vanquished Creatures
  An ice beast (D:5)
  A centaur skeleton (D:5)
  An orc wizard (D:3)
  A killer bee zombie (D:5)
  3 adders
  A worm (D:3)
  2 dart slugs
  8 orcs
  3 bats (D:1)
  6 endoplasms
  3 giant cockroaches
  6 goblins
  6 hobgoblins
  4 quokkas
  4 ball pythons
  5 frilled lizards
  3 kobolds
  10 rats
68 creatures vanquished.

Vanquished Creatures (others)
  3 fungi
3 creatures vanquished.

Grand Total: 71 creatures vanquished

Notes
Turn   | Place    | Note
-------+----------+-------------------------------------------
     0 | D:1      | mopl the Hill Orc Hunter began the quest for the Orb.
     0 | D:1      | Reached XP level 1. HP: 18/18 MP: 1/1
   161 | D:1      | Reached XP level 2. HP: 17/25 MP: 2/2
   163 | D:1      | Got the Disquisition on the Birds
   257 | D:1      | Found a faded altar of an unknown god.
   485 | D:2      | Reached skill level 4 in Crossbows
   485 | D:2      | Reached skill level 1 in Armour
   485 | D:2      | Reached XP level 3. HP: 25/30 MP: 3/3
   581 | D:2      | Reached skill level 3 in Fighting
   824 | D:2      | Found a glowing silver altar of Zin.
  1716 | D:3      | Reached XP level 4. HP: 29/38 MP: 4/4
  2250 | D:3      | Reached skill level 2 in Armour
  2364 | D:3      | Found a runed translucent door.
  2365 | D:3      | Noticed Crazy Yiuf
  2995 | D:4      | Found a hide-covered altar of Uskayaw.
  3103 | D:4      | Reached XP level 5. HP: 44/45 MP: 5/5
  3235 | D:4      | You fall into a shaft and drop 1 floor!
  3235 | D:5      | Entered Level 5 of the Dungeon
  3235 | D:5      | Noticed an ice beast
  3250 | D:5      | Killed an ice beast
  3251 | D:5      | Reached skill level 4 in Fighting
  3251 | D:5      | Reached skill level 5 in Crossbows
  3348 | D:5      | Reached XP level 6. HP: 19/52 MP: 6/6
  3369 | D:5      | HP: 1/52 [killer bee zombie (4)]
  3371 | D:5      | Reached skill level 3 in Armour
  3382 | D:5      | Noticed a steam dragon
  3390 | D:5      | Noticed Ijyb
  3424 | D:5      | HP: 1/52 [something] (9)]
  3426 | D:5      | Engulfed by a steam dragon's steam

Illustrated notes

Levels and vault maps discovered:
D:1:      matt_arrival_grand_opening, layout_rooms,
          shapermc_ecumenical_altar_mp_urbaneastern, corexii_leaking_fountain
D:2:      layout_basic, basic_altar
D:3:      layout_loops_ring, uniq_crazy_yiuf_cottage
D:4:      layout_rooms, mainiacjoe_overflow_paths
D:5:      layout_rooms, zin_purify, minmay_temple_entry_statues_fountains,
          enter_ossuary_2, corexii_hall_statues_l, kennysheep_pointless_box,
          uniq_sigmund, uniq_ijyb

Skill      XL: |  1  2  3  4  5  6 |
---------------+-------------------+-----
Crossbows      | 4 5 |  5.3
Armour         | 1 2 3 |  3.0
Fighting       | 3 4 |  4.2
Dodging        | |  1.5
Stealth        | |  0.7

Action                   |  1- 3 |  4- 6 || total
-------------------------+-------+-------++-------
Melee: Short sword       |   137 |       ||   137
       Punch             |     1 |     3 ||     4
       Dagger            |     8 |   129 ||   137
 Fire: Hand crossbow     |     3 |    22 ||    25
  Use: Scroll            |       |     6 ||     6
 Stab: Sleeping          |     5 |       ||     5
Armor: Leather armour    |    40 |    39 ||    79
Dodge: Dodged            |    96 |    59 ||   155
Block: Other             |       |     8 ||     8
